 Dungeon Crawl Stone Soup version 0.21-a0-273-g0785366 (webtiles) character file.

290504 motkurip the Phalangite (level 20, -7/162 HPs)
             Began as a Merfolk Skald on Sept 16, 2017.
             Was a Believer of Uskayaw.
             Mangled by a tengu reaver
             ... wielding a +0 glaive
              (18 damage)
             ... on level 5 of the Vaults on Sept 17, 2017.
             The game lasted 02:55:43 (20174 turns).

motkurip the Phalangite (Merfolk Skald)            Turns: 20174, Time: 02:55:44

Health: -7/162     AC: 16    Str: 17    XL:     20   Next: 75%
Magic:  28/28      EV: 37    Int: 15    God:    Uskayaw [**....]
Gold:   2249       SH:  0    Dex: 24    Spells: 9/29 levels left

rFire    + . .     SeeInvis .   L - +2 glaive (vamp)
rCold    + . .     Gourm    .   (shield currently unavailable)
rNeg     . . .     Faith    .   x - +1 troll leather armour
rPois    .         Spirit   .   I - +2 helmet of Tartarus {rElec Dex+7 Stlth-}
rElec    +         Reflect  .   Q - scarf {rC+ rF+}
rCorr    .         Harm     .   T - +1 pair of gloves {Str+3}
MR       +....                  V - +2 pair of boots
Stlth    ++++......             J - amulet of regeneration
HPRegen  2.17/turn              (no ring)
MPRegen  0.21/turn              C - +4 ring of evasion

@: about to teleport, mesmerised, regenerating (expiring), studying Ice Magic
A: change form in water, swift swim, stealthy swim, iridescent scales 1,
electricity resistance
}: 2/15 runes: decaying, gossamer
a: Stomp, Line Pass, Renounce Religion


You were on level 5 of the Vaults.
You worshipped Uskayaw.
Uskayaw was aware of your devotion.
You were not hungry.

You visited 7 branches of the dungeon, and saw 35 of its levels.
You also visited: Labyrinth, Ossuary and Ice Cave.

You collected 3089 gold pieces.
You spent 840 gold pieces at shops.

Inventory:

Hand Weapons
 k - a +4 broad axe of flaming
 L - a +2 vampiric glaive (weapon)
 N - a +4 halberd
 R - the +2 halberd "Boentixt" {vamp, rElec rF- rN+++ SInv}
   (You found it on level 6 of the Lair of Beasts)

   It inflicts no extra harm, but heals its wielder when it wounds a living foe.
   It makes you vulnerable to fire.
   It insulates you from electricity.
   It renders you almost immune to negative energy.
   It lets you see invisible.
Missiles
 M - a throwing net (quivered)
Armour
 x - a +1 troll leather armour (worn)
 D - +0 fire dragon scales
 H - a +2 cloak
 I - the +2 helmet of Tartarus (worn) {rElec Dex+7 Stlth-}
   (You found it on level 8 of the Dungeon)

   It affects your dexterity (+7).
   It insulates you from electricity.
   It makes you less stealthy.
 Q - a scarf of resistance (worn)
 S - a +0 cloak of magic resistance
 T - a +1 pair of gloves of strength (worn)
 U - a +1 pair of boots of running
 V - a +2 pair of boots (worn)
Jewellery
 j - the ring "Igaol" {-Tele rF++ MR+ MP+9 Dex+2}
   (You found it on level 1 of the Swamp)

   [ring of magical power]

   It affects your dexterity (+2).
   It greatly protects you from fire.
   It affects your resistance to hostile enchantments.
   It affects your magic capacity (+9).
   It prevents most forms of teleportation.
 l - an uncursed ring of protection from magic
 y - the ring "Jufeem" {+Fly rF+}
   (You acquired it on level 4 of the Spider Nest)

   [ring of flight]

   It protects you from fire.
   It lets you fly.
 C - a +4 ring of evasion (right hand)
 G - an uncursed ring of protection from cold
 J - an amulet of regeneration (around neck)
 O - an uncursed ring of poison resistance
Wands
 a - a wand of acid (3/15)
 g - a wand of clouds (0/9)
Scrolls
 e - 5 scrolls of amnesia
 f - a scroll of brand weapon
 i - 2 scrolls of fog
 m - 10 scrolls of teleportation
 n - 2 scrolls of recharging
 p - 12 scrolls of remove curse
 q - 5 scrolls of enchant weapon
 r - a scroll of blinking
 u - 2 scrolls of fear
 w - 2 scrolls of vulnerability
 B - 3 scrolls of magic mapping
 E - 4 scrolls of immolation
 Z - a scroll of identify
Potions
 b - 2 potions of resistance
 h - 7 potions of curing
 v - 2 potions of magic
 z - 5 potions of agility
 A - a potion of invisibility
 K - 4 potions of ambrosia
 P - 3 potions of brilliance
 W - 3 potions of mutation
 Y - a potion of might
Books
 c - a manual of Ice Magic
Miscellaneous
 t - a lightning rod (4/4)
 X - 2 sacks of spiders
Comestibles
 d - 16 bread rations
 o - 3 meat rations
 s - 6 chunks of flesh


   Skills:
 - Level 15.1 Fighting
 - Level 24.5 Polearms
 - Level 4.2 Armour
 - Level 22.0 Dodging
 + Level 12.1 Stealth
 - Level 5.3 Spellcasting
 - Level 7.1 Hexes
 - Level 13.1 Charms
 - Level 3.0 Necromancy
 - Level 11.0 Invocations
 - Level 4.1 Evocations


You had 9 spell levels left.
You knew the following spells:

 Your Spells              Type           Power        Failure   Level  Hunger
a - Yara's Violent Unrav  Hex/Tmut       ##........   75%         5    ######.
b - Spectral Weapon       Hex/Chrm       ####....     1%          3    ###....
c - Apportation           Tloc           #.....       19%         1    None
d - Cause Fear            Hex            ####......   10%         4    ####...
g - Shroud of Golubria    Chrm/Tloc      ###.......   1%          2    #......
r - Regeneration          Chrm/Necr      ####......   1%          3    ###....
s - Song of Slaying       Chrm           #####...     1%          2    #......


Dungeon Overview and Level Annotations

Branches:
Dungeon (13/15)            Temple (1/1) D:5            Lair (6/6) D:11
  Swamp (4/4) Lair:2       Spider (4/4) Lair:4        Slime (0/5) Lair:5
    Orc (2/2) D:9             Elf (0/3) Orc:2        Vaults (5/5) D:13
  Crypt (0/3) Vaults:2

Altars:
Ashenzari
Cheibriados
Dithmenos
Elyvilon
Fedhas
Gozag
Hepliaklqana
Kikubaaqudgha
Makhleb
Nemelex Xobeh
Okawaru
Qazlal
Ru
Sif Muna
Trog
Uskayaw
Vehumet
Wu Jian
Xom
Yredelemnul
Zin
The Shining One
Beogh

Shops:
Orc:2 :(*[

Portals:
Hell: Lair:6

Annotations:
D:12 exclusion: upstairs
Orc:2 p0werm0de's ghost, journeyman DsHu
Vaults:5 Jory


Innate Abilities, Weirdness & Mutations

You revert to your normal form in water.
You are very nimble and swift while swimming.
You are very stealthy in the water. (Stealth+)
You are partially covered in iridescent scales. (AC +2)
You are resistant to electric shocks. (rElec)


Message History

The phantasmal warrior completely misses you.
The tengu reaver completely misses you. Jory gestures at you while chanting.
The crystal spear misses you.
The crystal spear hits your spectral weapon.
Your spectral weapon shares its damage with you!
Your spectral weapon fades away.
* * * LOW HITPOINT WARNING * * *
Unknown command.
You feel better.
Your skin is crawling a little less now.
The phantasmal warrior hits you but does no damage.
The tengu reaver barely misses you.
Jory hits you from afar with a vampiric glaive!
* * * LOW HITPOINT WARNING * * *
Jory draws strength from your wounds!
You feel better.
The phantasmal warrior completely misses you.
The tengu reaver hits you from afar with a glaive!!
You die...

.#....# ## .#....# .# .# # .#
##.. .# ####.)... ##### .#
####[[§:§...####?/!# .#
####§..W*[)§####)..)."#
.#....#####.§§V§@:Q####.........#
.#....#.....§§§.####............#
#....#..)..§####........####...#
#....#.))####........####......#
#....#..).........####......÷..#
#....#(........####..=).)..#####
#....#)...).####....).))####...#
#a......)####.......)####.[....#
.......####|......(.((()(..).....


You could see Jory, a tengu reaver, a phantasmal warrior and a battlesphere.

Vanquished Creatures
  the Lernaean hydra (Swamp:4)
  The ghost of nublet the Warrior, an adept DrWz of Vehumet (Vaults:3)
  Arachne (Spider:2)
  A tentacled monstrosity (Vaults:5)
  A titan (Vaults:5)
  4 sphinxes
  A shadow dragon (Vaults:5)
  A tengu reaver (Vaults:5)
  A fire giant (Vaults:3)
  Louise (Spider:2)
  10 vault wardens
  2 orc warlords
  3 frost giants
  6 emperor scorpions
  A deep elf sorcerer (Vaults:4)
  5 ghost moths
  15 ironheart preservers
  A very ugly thing (Vaults:5)
  6 stone giants
  An entropy weaver (Spider:3)
  A spark wasp (Spider:3)
  A dire elephant (Lair:6)
  2 deep elf demonologists (Vaults:4)
  A deep elf death mage (Vaults:3)
  The ghost of Velros the Carver, a journeyman BaFi of Okawaru (D:11)
  4 ettins
  Snorg (D:10)
  4 fire dragons
  2 crystal guardians (Vaults:4)
  10 vault guards
  A deep elf high priest (Vaults:5)
  A great orb of eyes (Vaults:1)
  A minotaur (Lab)
  8 yaktaur captains
  Fannar (Lair:2)
  Josephine (Swamp:1)
  Harold (D:11)
  8 ice dragons
  6 ghost crabs
  20 hydras
  A catoblepas (Lair:6)
  3 centaur warriors
  25 two-headed ogres
  A hell beast (Lair:6)
  The ghost of Shiggs the Destroyer, a journeyman TeWz (D:10)
  3 death yaks (IceCv)
  9 alligators
  12 ogre magi
  A queen ant (shapeshifter) (Vaults:5)
  4 orc high priests (Orc:2)
  Nergalle (D:11)
  7 spriggans
  A shadow wraith (Vaults:4)
  4 deep elf knights
  A skeletal warrior (D:13)
  A spriggan druid (Swamp:4)
  An unseen horror (Vaults:1)
  6 deep trolls
  3 wizards
  9 swamp dragons
  3 deep elf archers
  17 ironbrand convokers
  5 harpies (Vaults:4)
  14 orc knights
  6 orc sorcerers
  A necromancer (Vaults:3)
  A tengu skeleton (Vaults:3)
  24 wolf spiders
  A cyclops (D:13)
  13 orb spiders
  6 elephants
  14 deep elf magi
  27 ugly things
  4 moths of wrath
  An ice statue (IceCv)
  6 vault sentinels
  8 black mambas
  2 orange demons (Lair:6)
  4 apocalypse crabs (Swamp:1)
  A torpor snail (Spider:3)
  11 spiny frogs
  A centaur skeleton (D:13)
  A human zombie (Vaults:3)
  5 komodo dragons
  2 ice devils (Lair:6)
  7 rime drakes
  30 yaktaurs
  A komodo dragon (shapeshifter) (Vaults:3)
  A red devil (Lair:6)
  7 demonic crawlers
  A freezing wraith (Vaults:4)
  A hellwing (Lair:6)
  A wind drake (shapeshifter) (Vaults:2)
  4 tyrant leeches
  27 jumping spiders
  11 polar bears
  5 trolls
  A meliai (shapeshifter) (Vaults:4)
  A raiju (shapeshifter) (Vaults:3)
  14 hornets
  14 hippogriffs
  14 bog bodies
  28 slime creatures
  An ettin zombie (Vaults:3)
  2 shadows
  38 redbacks
  5 wraiths
  3 wyverns
  3 basilisks
  A basilisk (shapeshifter) (D:13)
  A hog (shapeshifter) (Vaults:1)
  23 tarantellas
  38 yaks
  4 hungry ghosts (Lab)
  11 vampire mosquitoes
  3 insubstantial wisps (Swamp:4)
  7 wargs
  Menkaure (Ossuary)
  9 swamp worms
  An acid dragon (Vaults:1)
  4 hell hounds (Lair:6)
  6 water moccasins
  A black bear (D:9)
  4 porcupines
  10 swamp drakes
  42 orc warriors
  An ice beast (D:10)
  A phantom (D:11)
  A black bear (shapeshifter) (Vaults:4)
  16 wolves (IceCv)
  32 ogres
  9 centaurs
  A necrophage (D:11)
  7 crocodiles
  4 big kobolds
  10 bullfrogs
  A water moccasin zombie (D:9)
  A gnoll sergeant (Orc:1)
  2 wyvern skeletons
  3 killer bees (D:9)
  3 scorpions
  A howler monkey (D:4)
  6 electric eels
  7 wights
  6 crimson imps
  3 bullfrog zombies
  A quasit (D:9)
  6 hounds
  4 jellies
  33 orc priests
  2 bullfrog skeletons (D:13)
  A gnoll shaman (D:4)
  2 iguanas
  36 orc wizards
  6 worker ants
  A hound skeleton (D:10)
  A mummy (Ossuary)
  15 gnolls
  A howler monkey skeleton (D:7)
  9 adders
  An adder skeleton (D:4)
  3 worms
  A dart slug (D:3)
  6 leopard geckos
  113 orcs
  3 ball pythons
  3 giant cockroaches
  5 gnoll zombies (Ossuary)
  4 goblins
  5 hobgoblins
  6 jackals
  35 kobolds
  5 quokkas
  A ball python skeleton (D:4)
  4 bats
  10 frilled lizards
  2 gnoll skeletons (Ossuary)
  A goblin skeleton (Ossuary)
  4 goblin zombies (Ossuary)
  A hobgoblin skeleton (Ossuary)
  A hobgoblin zombie (Ossuary)
  2 kobold skeletons (Ossuary)
  3 kobold zombies (Ossuary)
  An orc skeleton (Ossuary)
  8 rats
  2 rat zombies (Ossuary)
  A fungus (Lair:6)
  2 spectral weapons
1262 creatures vanquished.

Vanquished Creatures (collateral kills)
  A tengu reaver (Vaults:5)
  A very ugly thing (Vaults:5)
  A yaktaur captain (Vaults:5)
3 creatures vanquished.

Vanquished Creatures (others)
  A yaktaur (Vaults:4)
  A redback (Spider:4)
  2 mummies (Ossuary)
  A gnoll (Orc:1)
  2 orcs
  2 gnoll skeletons (Ossuary)
  3 goblin skeletons (Ossuary)
  4 goblin zombies (Ossuary)
  5 hobgoblin skeletons (Ossuary)
  2 kobold skeletons (Ossuary)
  4 orc skeletons (Ossuary)
  An orc zombie (Ossuary)
  2 rat skeletons (Ossuary)
  5 rat zombies (Ossuary)
  12 fungi
  4 plants
  100 spectral weapons
151 creatures vanquished.

Grand Total: 1416 creatures vanquished

Notes
Turn   | Place    | Note
-------+----------+-------------------------------------------
     0 | D:1      | motkurip the Merfolk Skald began the quest for the Orb.
     0 | D:1      | Reached XP level 1. HP: 16/16 MP: 3/3
    66 | D:1      | Reached XP level 2. HP: 11/22 MP: 1/5
    74 | D:1      | Learned a level 2 spell: Shroud of Golubria
   147 | D:1      | Reached skill level 4 in Polearms
   367 | D:2      | Reached XP level 3. HP: 25/27 MP: 0/6
   375 | D:2      | Reached skill level 5 in Polearms
   396 | D:2      | Learned a level 3 spell: Spectral Weapon
   692 | D:2      | Reached skill level 1 in Hexes
   692 | D:2      | Reached XP level 4. HP: 16/33 MP: 0/7
   947 | D:3      | Reached XP level 5. HP: 34/38 MP: 5/8
   954 | D:3      | Learned a level 3 spell: Regeneration
  1169 | D:4      | Reached skill level 5 in Charms
  1300 | D:4      | Reached XP level 6. HP: 24/44 MP: 3/9
  1454 | D:4      | Reached skill level 1 in Necromancy
  1604 | D:5      | Entered Level 5 of the Dungeon
  1817 | D:5      | Reached XP level 7. HP: 31/50 MP: 2/10
  2012 | D:5      | Found a staircase to the Ecumenical Temple.
  2020 | Temple   | Entered the Ecumenical Temple
  2026 | Temple   | Became a worshipper of Uskayaw the Reveler
  2148 | D:5      | Reached * piety under Uskayaw
  2198 | D:5      | Reached skill level 6 in Polearms
  2198 | D:5      | Reached ** piety under Uskayaw
  2231 | D:5      | Found an iron altar of Okawaru.
  2299 | D:5      | Reached skill level 7 in Polearms
  2466 | D:6      | Reached skill level 8 in Polearms
  2496 | D:6      | Found a burning altar of Makhleb.
  2496 | D:6      | Noticed an Executioner
  2658 | D:6      | Reached XP level 8. HP: 20/56 MP: 0/11
  2799 | D:6      | Reached skill level 9 in Polearms
  2807 | D:6      | Reached *** piety under Uskayaw
  2817 | D:6      | Found a glowing golden altar of the Shining One.
  2841 | D:6      | Found a sand-covered staircase.
  2848 | Ossuary  | Entered an ossuary
  3070 | Ossuary  | Noticed Menkaure
  3076 | Ossuary  | Killed Menkaure
  3238 | D:7      | Found a glowing silver altar of Zin.
  3292 | D:7      | Found an ancient bone altar of Kikubaaqudgha.
  3482 | D:8      | Reached skill level 10 in Polearms
  3557 | D:8      | Noticed a two-headed ogre
  3569 | D:8      | Killed a two-headed ogre
  3569 | D:8      | Reached skill level 5 in Fighting
  3569 | D:8      | Reached XP level 9. HP: 44/68 MP: 6/12
  3673 | D:8      | Reached skill level 5 in Dodging
  3737 | D:7      | Found a shimmering altar of Xom.
  3737 | D:7      | Found a shimmering altar of Xom.
  3738 | D:7      | Found a shimmering altar of Xom.
  3738 | D:7      | Found a shimmering altar of Xom.
  3738 | D:7      | Found a shimmering altar of Xom.
  3863 | D:8      | Got an ichor-stained helmet
  3869 | D:8      | Identified the +2 helmet of Tartarus {rElec Dex+7 Stlth-} (You found it on level 8 of the Dungeon)
  3969 | D:9      | Noticed a hornet
  3978 | D:9      | Killed a hornet
  4039 | D:9      | Reached skill level 1 in Invocations
  4074 | D:9      | Reached skill level 11 in Polearms
  4220 | D:9      | Reached XP level 10. HP: 52/77 MP: 4/13
  4227 | D:9      | Reached **** piety under Uskayaw
  4375 | D:9      | Found a staircase to the Orcish Mines.
  4545 | D:10     | Entered Level 10 of the Dungeon
  4600 | D:10     | Found a glowing golden altar of the Shining One.
  4626 | D:10     | Noticed Shiggs's ghost (journeyman TeWz)
  4648 | D:10     | Killed Shiggs's ghost
  5154 | D:10     | Reached skill level 12 in Polearms
  5195 | D:11     | Noticed Harold
  5206 | D:11     | Noticed Velros's ghost (journeyman BaFi)
  5265 | D:10     | Noticed Snorg
  5275 | D:10     | Killed Snorg
  5275 | D:10     | Reached skill level 1 in Armour
  5275 | D:10     | Reached XP level 11. HP: 71/85 MP: 11/15
  5475 | D:11     | Noticed an eight-headed hydra
  5506 | D:12     | Noticed a white ugly thing
  5512 | D:12     | Killed a white ugly thing
  5611 | D:12     | Noticed a two-headed ogre
  5623 | D:12     | Killed a two-headed ogre
  5660 | D:11     | Killed Velros's ghost
  5660 | D:11     | Reached skill level 13 in Polearms
  5660 | D:11     | Reached skill level 10 in Dodging
  5768 | D:11     | Killed Harold
  5804 | D:11     | Reached ***** piety under Uskayaw
  5939 | D:11     | Noticed Nergalle
  5941 | D:11     | Noticed a spectral orc warlord
  5967 | D:11     | Killed Nergalle
  5996 | D:11     | Found a staircase to the Lair.
  6167 | Orc:1    | Entered Level 1 of the Orcish Mines
  6167 | Orc:1    | Noticed an orc sorcerer
  6180 | Orc:1    | Noticed a soul eater
  6183 | Orc:1    | Noticed a soul eater
  6189 | Orc:1    | Killed an orc sorcerer
  6204 | Orc:1    | Noticed an orc knight
  6222 | Orc:1    | Reached skill level 14 in Polearms
  6239 | Orc:1    | Killed an orc knight
  6239 | Orc:1    | Reached XP level 12. HP: 69/94 MP: 5/16
  6239 | Orc:1    | Reached ****** piety under Uskayaw
  6445 | Orc:2    | Entered Level 2 of the Orcish Mines
  6562 | Orc:2    | Found a staircase to the Elven Halls.
  6605 | Orc:2    | Noticed an orc high priest
  6710 | Orc:2    | Killed an orc high priest
  6710 | Orc:2    | Reached skill level 15 in Polearms
  6812 | Orc:2    | Noticed an orc high priest
  6821 | Orc:2    | Killed an orc high priest
  6915 | Orc:2    | Noticed an orc warlord
  7155 | Orc:1    | Killed an orc warlord
  7218 | Orc:2    | Reached skill level 16 in Polearms
  7302 | Orc:2    | Found a roughly hewn altar of Beogh.
  7344 | Orc:2    | Noticed p0werm0de's ghost (journeyman DsHu)
  7406 | Orc:2    | Reached skill level 10 in Fighting
  7406 | Orc:2    | Reached XP level 13. HP: 55/103 MP: 7/17
  7551 | Orc:2    | Found Zuicrump's General Store.
  7552 | Orc:2    | Found Suxt's Book Shop.
  7553 | Orc:2    | Found Fufusch's Antique Armour Boutique.
  7553 | Orc:2    | Found Mouwicet's Antique Weapon Boutique.
  7557 | Orc:2    | Bought a glowing cloak for 210 gold pieces
  7557 | Orc:2    | Bought a pair of runed gloves for 210 gold pieces
  7557 | Orc:2    | Bought a pair of embroidered boots for 210 gold pieces
  7581 | Orc:2    | Identified a +1 pair of boots of running (You bought it in a shop on level 2 of the Orcish Mines)
  7602 | Orc:2    | Bought a pair of runed boots for 210 gold pieces
  7908 | Lair:1   | Entered Level 1 of the Lair of Beasts
  7931 | Lair:2   | Found a labyrinth entrance.
  7958 | Lab      | Entered a labyrinth
  8363 | Lab      | Noticed a minotaur
  8372 | Lab      | Killed a minotaur
  8433 | Lair:2   | Learned a level 2 spell: Song of Slaying
  8526 | Lair:2   | Reached skill level 17 in Polearms
  8784 | Lair:3   | Reached skill level 5 in Invocations
  8900 | Lair:4   | Found a hole to the Spider Nest.
  9315 | Lair:2   | Noticed Fannar
  9341 | Lair:2   | Killed Fannar
  9416 | Lair:2   | Found a staircase to the Swamp.
  9545 | Lair:6   | Entered Level 6 of the Lair of Beasts
  9628 | Lair:6   | Found a frozen archway.
  9646 | IceCv    | Entered an ice cave
  9791 | IceCv    | Reached XP level 14. HP: 113/113 MP: 16/19
  9876 | IceCv    | Reached skill level 15 in Dodging
 10052 | IceCv    | Noticed a frost giant
 10074 | IceCv    | Killed a frost giant
 10178 | Lair:6   | Reached skill level 10 in Invocations
 10259 | Lair:5   | Found a staircase to the Slime Pits.
 10490 | Lair:6   | Noticed a dire elephant
 10513 | Lair:6   | Killed a dire elephant
 10584 | Lair:6   | Found a burning altar of Makhleb.
 10636 | Lair:6   | Found a gateway to Hell.
 10645 | Lair:6   | Got a warped halberd
 10650 | Lair:6   | Identified the +2 halberd "Boentixt" {vamp, rElec rF- rN+++ SInv} (You found it on level 6 of the Lair of Beasts)
 10916 | Lair:5   | Reached XP level 15. HP: 118/118 MP: 23/23
 11103 | Spider:1 | Entered Level 1 of the Spider Nest
 11103 | Spider:1 | Noticed an emperor scorpion
 11392 | Spider:2 | Noticed Arachne
 11412 | Spider:2 | Killed Arachne
 11423 | Spider:2 | Noticed an emperor scorpion
 11425 | Spider:2 | Noticed a ghost moth
 11459 | Spider:2 | Killed a ghost moth
 11484 | Spider:2 | Killed an emperor scorpion
 11510 | Spider:2 | Noticed Louise
 11538 | Spider:2 | Killed Louise
 11613 | Spider:2 | Noticed a ghost moth
 11635 | Spider:2 | Killed a ghost moth
 12041 | Spider:4 | Entered Level 4 of the Spider Nest
 12058 | Spider:4 | Reached skill level 1 in Evocations
 12247 | Spider:4 | Reached XP level 16. HP: 125/125 MP: 15/24
 12776 | Spider:4 | Identified a scroll of acquirement
 12777 | Spider:4 | Got a glittering bronze ring
 12779 | Spider:4 | Identified the ring "Jufeem" {+Fly rF+} (You acquired it on level 4 of the Spider Nest)
 13016 | Spider:4 | Gained mutation: You are occasionally teleported next to monsters. [mutagenic meat]
 13017 | Spider:4 | Gained mutation: Your body sometimes deteriorates upon taking damage. [mutagenic meat]
 13018 | Spider:4 | Gained mutation: You do not regenerate when monsters are visible. [mutagenic meat]
 13019 | Spider:4 | Lost mutation: You are occasionally teleported next to monsters. [potion of mutation]
 13019 | Spider:4 | Lost mutation: Your body sometimes deteriorates upon taking damage. [potion of mutation]
 13019 | Spider:4 | Gained mutation: You are somewhat resistant to further mutation. [potion of mutation]
 13019 | Spider:4 | Gained mutation: Your muscles are strong. (Str +2) [potion of mutation]
 13019 | Spider:4 | Gained mutation: You are robust. (+10% HP) [potion of mutation]
 13020 | Spider:4 | Lost mutation: You are robust. (+10% HP) [potion of mutation]
 13020 | Spider:4 | Lost mutation: Your muscles are strong. (Str +2) [potion of mutation]
 13020 | Spider:4 | Lost mutation: You are somewhat resistant to further mutation. [potion of mutation]
 13020 | Spider:4 | Lost mutation: You do not regenerate when monsters are visible. [potion of mutation]
 13020 | Spider:4 | Gained mutation: Scrolls take you a little longer to read. [potion of mutation]
 13020 | Spider:4 | Lost mutation: Scrolls take you a little longer to read. [potion of mutation]
 13020 | Spider:4 | Gained mutation: You are partially covered in iridescent scales. (AC +2) [potion of mutation]
 13020 | Spider:4 | Gained mutation: You are resistant to electric shocks. (rElec) [potion of mutation]
 13058 | Spider:4 | Got a gossamer rune of Zot
 13276 | Lair:4   | Reached skill level 18 in Polearms
 13472 | Swamp:1  | Entered Level 1 of the Swamp
 13539 | Swamp:1  | Got a sparkling copper ring
 13541 | Swamp:1  | Identified the ring "Igaol" {-Tele rF++ MR+ MP+9 Dex+2} (You found it on level 1 of the Swamp)
 13574 | Swamp:1  | Noticed Josephine
 13597 | Swamp:1  | Killed Josephine
 13736 | Swamp:1  | Learned a level 5 spell: Yara's Violent Unravelling
 13824 | Swamp:2  | Reached skill level 5 in Hexes
 13975 | Swamp:4  | Entered Level 4 of the Swamp
 14024 | Swamp:4  | Reached XP level 17. HP: 109/137 MP: 21/25
 14161 | Swamp:4  | Reached skill level 19 in Polearms
 14524 | Swamp:4  | Noticed the 27-headed Lernaean hydra
 14531 | Swamp:4  | Killed the 23-headed Lernaean hydra
 14540 | Swamp:4  | Got a decaying rune of Zot
 14630 | Swamp:2  | Identified the Reference Book on Unstable Arcane Weapons
 14634 | Swamp:2  | Learned a level 1 spell: Apportation
 14732 | Swamp:1  | Found a runed door.
 14902 | Swamp:1  | Got an encrusted plate armour
 14913 | Swamp:1  | Identified the +1 plate armour "Voruah" {+Fly Int+4} (You found it on level 1 of the Swamp)
 15664 | D:13     | Found a gate to the Vaults.
 15686 | Vaults:1 | Entered Level 1 of the Vaults
 15812 | Vaults:1 | Reached skill level 20 in Polearms
 15882 | Vaults:1 | Reached XP level 18. HP: 116/147 MP: 26/26
 16033 | Vaults:1 | Reached skill level 10 in Charms
 16560 | Vaults:3 | Reached skill level 15 in Fighting
 16619 | Vaults:3 | Noticed nublet's ghost (adept DrWz)
 16670 | Vaults:3 | Reached skill level 5 in Spellcasting
 16671 | Vaults:3 | Killed nublet's ghost
 16732 | Vaults:3 | Reached skill level 21 in Polearms
 17430 | Vaults:4 | Noticed a Brimstone Fiend
 17431 | Vaults:4 | Noticed a Tzitzimitl
 17431 | Vaults:4 | Reached XP level 19. HP: 116/155 MP: 27/27
 17442 | Vaults:4 | Reached skill level 22 in Polearms
 17967 | Vaults:4 | Found an opulent altar of Gozag.
 18220 | Vaults:4 | Reached skill level 23 in Polearms
 18794 | Vaults:3 | Reached skill level 24 in Polearms
 18984 | Vaults:2 | Reached XP level 20. HP: 162/162 MP: 28/28
 19203 | Vaults:2 | Found a staircase to the Crypt.
 19214 | Vaults:2 | Learned a level 4 spell: Cause Fear
 19327 | Vaults:3 | Reached skill level 1 in Stealth
 19486 | Vaults:3 | Reached skill level 5 in Stealth
 19679 | Vaults:5 | Entered Level 5 of the Vaults
 19706 | Vaults:5 | Noticed Jory
 19804 | Vaults:5 | Reached skill level 10 in Stealth
 20143 | Vaults:5 | Found the +2 ratskin cloak {+Rats rPois rN+ Str-1 Int-1 Dex+1}
 20171 | Vaults:5 | HP: 7/162 [Jory/crystal spear (44)]
 20172 | Vaults:5 | HP: 1/162 [Jory/vampiric glaive (8)]
 20174 | Vaults:5 | Mangled by a tengu reaver

Vault maps used:
D:1:      dpeg_arrival_rooms_a, serial_park_tiny_1, minmay_stone_trees_medium,
          minivault_24
D:3:      first_bread
D:4:      cheibrodos_barr_body
D:5:      okawaru_altar_gauntlet_db, lemuel_doored_altar,
          minmay_temple_entry_glassed_door
D:6:      makhleb_altar_promises_db, lemuel_crystal_altar, serial_glass,
          glass_columns_c, glass_columns_b, glass_columns_c, glass_columns_a,
          chequers_ossuary_entry_cave
D:7:      xom_shifter_show, old_standard_altar, old_standard_altar
D:9:      erik_orc_2
D:10:     serial_curves, eino_curves_04, eino_curves_03, hangedman_stone_soup,
          nicolae_tso_swordbearing_angel, uniq_snorg
D:11:     lair_entry_dummy, uniq_nergalle, uniq_harold
D:12:     grunt_ministairs_10, uniq_gastronok
D:13:     hangedman_vaults_entry_quadrant_bands
Temple:   nicolae_temple_no_exploring_needed
Lair:1:   serial_forest, infiniplex_forest_corner_1, infiniplex_forest_end_2,
          infiniplex_forest_end_2, infiniplex_forest_lined_3,
          infiniplex_forest_end_1, infiniplex_forest_join,
          infiniplex_forest_lined_room_3, uniq_erica
Lair:2:   swamp_mist_pool, lab_entry_generic, grunt_megastairs_3, uniq_fannar
Lair:4:   dummy_spider_entry, basic_altar
Lair:5:   onia_ninara_swampy_vault, minmay_slime_entry_pillars
Lair:6:   evil_forest, portal_ice_cave_rime, grunt_megastairs_4
Swamp:1:  gammafunk_mikee_crab_dinner, evilmike_swamp_ruin_house_6,
          uniq_josephine
Swamp:2:  evilmike_swamp_ruin_rubble_1
Swamp:3:  evilmike_swamp_ruin_house_2, uniq_nikola, uniq_aizul
Swamp:4:  grunt_swamp_rune_castle
Spider:2: hangedman_spider_tarantella_strand, uniq_arachne, uniq_louise
Spider:3: nicolae_spider_cling_ruins
Spider:4: grunt_spider_rune_island, hangedman_spider_mandibles
Orc:2:    st_orc_congregation, hangedman_feature_mirror
Vaults:1: grunt_vaults_bifocal, v_rooms_5, vaults_room_door_ring,
          vaults_room_door_ring, ontoclasm_vaults_ring_large,
          ontoclasm_vaults_decontamination, nicolae_vaults_sealed_display,
          nicolae_vaults_network_star, nicolae_vaults_little_squares_5,
          v_pattern_4, grunt_vaults_hallway_short
Vaults:2: hangedman_vaults_snaps, vaults_dpeg_diagonal, v_pattern_3,
          vaults_room_semicircle, ontoclasm_vaults_twist,
          hangedman_vaults_impose, vaults_room_fours, serial_ice_h,
          nicolae_vaults_little_squares_6, dummy_crypt_entry
Vaults:3: vaults_room_ringed_pool, vaults_room_large_hall,
          nicolae_vaults_little_squares_4, nicolae_vaults_network_quinsquares,
          grunt_vaults_funnel, ontoclasm_vaults_chip,
          nicolae_vaults_display_case, nicolae_vaults_diagonal_hallway_7,
          v_pattern_5, v_alt_pattern_1, nicolae_vaults_diagonal_hallway_6,
          vaults_room_door_hall, nicolae_vaults_asterisk, v_misc_4,
          nicolae_vaults_hallways_thing
Vaults:4: vaults_standard_mumra_x, ontoclasm_vaults_loading_screen,
          ontoclasm_vaults_spin, nicolae_vaults_minivaults, v_misc_13, v_misc_2,
          vaults_room_large_hall, v_misc_33, dpeg_vaults_monster_row,
          nicolae_vaults_diagonal_hallway_6, basic_altar
Vaults:5: uniq_jory, uniq_mennas
Lab:      lab_hedge
Ossuary:  ossuary_due_pyramid
IceCv:    ice_cave_caverns_01

Skill      XL: |  1  2  3  4  5  6  7  8  9 10 11 12 13 14 15 16 17 18 19 20 |
---------------+-------------------------------------------------------------+-----
Dodging        | 3 4 6 9 10 12 14 17 20 21 22 | 22.0
Polearms       | 4 5 8 10 11 12 14 16 17 18 20 21 24 | 24.5
Hexes          | 1 2 4 5 7 |  7.1
Charms         | 4 5 6 7 8 9 11 13 | 13.1
Necromancy     | 2 3 |  3.0
Fighting       | 5 6 7 8 10 11 13 14 15 | 15.1
Invocations    | 1 4 7 11 | 11.0
Spellcasting   | 3 4 5 |  5.3
Armour         | 1 4 |  4.2
Evocations     | 3 4 |  4.1
Stealth        | 12 | 12.1

Action                   |  1- 3 |  4- 6 |  7- 9 | 10-12 | 13-15 | 16-18 | 19-21 || total
-------------------------+-------+-------+-------+-------+-------+-------+-------++-------
Melee: Spear             |   134 |   181 |       |       |       |       |       ||   315
       Quarterstaff      |       |    32 |     1 |       |       |       |       ||    33
       Halberd           |       |       |   324 |   687 |  1019 |  1477 |   231 ||  3738
       Trident           |       |       |       |       |    11 |       |       ||    11
       Broad axe         |       |       |       |       |    36 |    34 |       ||    70
       Tailslap          |       |       |       |       |    10 |    46 |       ||    56
       Glaive            |       |       |       |       |       |       |   592 ||   592
 Cast: Infusion          |     4 |       |       |       |       |       |       ||     4
       Shroud of Golubri |     9 |     7 |     1 |     4 |     2 |     1 |       ||    24
       Spectral Weapon   |       |    11 |    27 |    54 |    75 |   106 |    33 ||   306
       Regeneration      |       |     6 |    32 |    41 |    27 |    33 |    17 ||   156
       Song of Slaying   |       |       |       |       |       |    10 |     9 ||    19
Invok: Line Pass         |       |       |       |     1 |     1 |     1 |       ||     3
       Grand Finale      |       |       |       |       |     2 |     1 |     1 ||     4
Evoke: Wand              |       |       |       |     3 |       |     4 |     3 ||    10
       Lightning rod     |       |       |       |       |       |     4 |       ||     4
  Use: Potion            |     2 |       |     1 |     5 |     2 |     5 |    11 ||    26
       Scroll            |       |     3 |     8 |    10 |     9 |    10 |    11 ||    51
 Stab: Sleeping          |       |     1 |     2 |       |       |       |       ||     3
       Distracted        |       |     1 |     1 |    12 |    12 |    19 |    10 ||    55
       Paralysed         |       |       |     3 |    27 |    76 |   117 |    77 ||   300
       Invisible         |       |       |       |    14 |       |       |       ||    14
       Confused          |       |       |       |       |       |     4 |       ||     4
       Fleeing           |       |       |       |       |       |       |     1 ||     1
  Eat: Chunk             |       |     8 |    10 |    26 |    22 |    23 |    13 ||   102
       Royal jelly       |       |       |     2 |       |     3 |       |     1 ||     6
       Fruit             |       |       |     4 |       |     2 |     1 |       ||     7
       Meat ration       |       |       |       |       |     3 |     5 |     1 ||     9
Armor: Leather armour    |     4 |    30 |    32 |    24 |       |       |       ||    90
       Troll leather arm |       |       |       |    23 |   118 |   179 |    57 ||   377
       Skin              |       |       |       |    11 |     3 |       |       ||    14
Dodge: Dodged            |    70 |   109 |   189 |   386 |  1188 |  1671 |   631 ||  4244

Table legend:
 A = Spawn XP
 B = Non-spawn XP
 C = Spawn XP percentage of total XP
 D = Spawn monster count
 E = Non-spawn monster count
 F = Spawn count percentage of total count
 G = Total turns spent on level
                    A         B        C        D         E        F      G
               +---------+---------+-------+---------+---------+-------+---------
         Total |       0 |  468762 |   0.0 |       0 |    1261 |   0.0 | 20174
               +---------+---------+-------+---------+---------+-------+---------
           D:1 |       0 |      31 |   0.0 |       0 |      22 |   0.0 |   347
           D:2 |       0 |      93 |   0.0 |       0 |      21 |   0.0 |   416
           D:3 |       0 |      66 |   0.0 |       0 |      23 |   0.0 |   332
           D:4 |       0 |     301 |   0.0 |       0 |      17 |   0.0 |   535
           D:5 |       0 |     505 |   0.0 |       0 |      28 |   0.0 |   810
           D:6 |       0 |     499 |   0.0 |       0 |      12 |   0.0 |   416
           D:7 |       0 |     324 |   0.0 |       0 |       8 |   0.0 |   361
           D:8 |       0 |    1671 |   0.0 |       0 |      25 |   0.0 |   400
           D:9 |       0 |    2694 |   0.0 |       0 |      65 |   0.0 |  1132
          D:10 |       0 |    3652 |   0.0 |       0 |      36 |   0.0 |   448
          D:11 |       0 |    5694 |   0.0 |       0 |      23 |   0.0 |   681
          D:12 |       0 |    3699 |   0.0 |       0 |      16 |   0.0 |   294
          D:13 |       0 |   10746 |   0.0 |       0 |      37 |   0.0 |   384
        Lair:1 |       0 |     367 |   0.0 |       0 |       1 |   0.0 |    33
        Lair:2 |       0 |    4970 |   0.0 |       0 |      15 |   0.0 |   411
        Lair:3 |       0 |    3387 |   0.0 |       0 |      11 |   0.0 |   384
        Lair:4 |       0 |    5522 |   0.0 |       0 |      15 |   0.0 |   570
        Lair:5 |       0 |   10237 |   0.0 |       0 |      27 |   0.0 |   340
        Lair:6 |       0 |   19361 |   0.0 |       0 |      51 |   0.0 |   712
       Swamp:1 |       0 |   16077 |   0.0 |       0 |      42 |   0.0 |   689
       Swamp:2 |       0 |    6387 |   0.0 |       0 |      10 |   0.0 |   265
       Swamp:3 |       0 |    1537 |   0.0 |       0 |       3 |   0.0 |    67
       Swamp:4 |       0 |   32622 |   0.0 |       0 |      64 |   0.0 |   575
      Spider:1 |       0 |    1190 |   0.0 |       0 |       2 |   0.0 |    35
      Spider:2 |       0 |   30035 |   0.0 |       0 |      63 |   0.0 |   859
      Spider:3 |       0 |   10472 |   0.0 |       0 |      20 |   0.0 |   529
      Spider:4 |       0 |   26711 |   0.0 |       0 |      60 |   0.0 |   768
         Orc:1 |       0 |    7056 |   0.0 |       0 |      47 |   0.0 |   650
         Orc:2 |       0 |   11551 |   0.0 |       0 |      90 |   0.0 |   972
      Vaults:1 |       0 |   29548 |   0.0 |       0 |      50 |   0.0 |   557
      Vaults:2 |       0 |   23490 |   0.0 |       0 |      41 |   0.0 |   980
      Vaults:3 |       0 |   67653 |   0.0 |       0 |      95 |   0.0 |  1125
      Vaults:4 |       0 |   67301 |   0.0 |       0 |      99 |   0.0 |  1331
      Vaults:5 |       0 |   47482 |   0.0 |       0 |      43 |   0.0 |   495
           Lab |       0 |    1548 |   0.0 |       0 |       5 |   0.0 |   469
       Ossuary |       0 |     170 |   0.0 |       0 |      21 |   0.0 |   288
         IceCv |       0 |   14113 |   0.0 |       0 |      53 |   0.0 |   497
               +---------+---------+-------+---------+---------+-------+---------
